 Dungeon Crawl Stone Soup version 0.19.1-1-g22dce08 (webtiles) character file.

14765 galech the Cleaver (level 11, 0/106 HPs)
             Began as a Deep Dwarf Fighter on Dec 28, 2016.
             Was an Elder of Makhleb.
             Slain by a lorocyproca (27 damage)
             ... on level 3 of the Abyss.
             The game lasted 00:39:07 (8658 turns).

galech the Cleaver (Deep Dwarf Fighter)             Turns: 8658, Time: 00:39:08

Health: 0/106      AC: 24    Str: 21    XL:     11   Next: 93%
Magic:  0/15       EV:  8    Int: 13    God:    Makhleb [****..]
Gold:   742        SH:  0    Dex: 10    Spells: 0 memorised, 10 levels left

rFire  . . .     SeeInvis .     N - +8 battleaxe (vamp)
rCold  . . .     Gourm    .     Y - +5 plate armour "Byisiz" {rElec rPois Int+7 Dex-5}
rNeg   . . .     Faith    .     (shield currently unavailable)
rPois  +         Spirit   .     Z - +1 hat
rElec  +         Reflect  .     (no cloak)
rCorr  .         Harm     .     Q - +0 pair of gloves
MR     +....                    A - +0 pair of boots
Stlth  ..........               R - amulet of magic regeneration
                                L - ring of magical power
                                K - +4 ring of slaying

@: non-regenerating, mildly diseased
A: damage resistance, recharge devices, dopey 1, mutation resistance 1, sense
surroundings 2, slow regeneration 3, subdued magic 1, MP-powered wands
a: Device Recharging, Minor Destruction, Lesser Servant of Makhleb, Major
Destruction, Renounce Religion


You were on level 3 of the Abyss.
You worshipped Makhleb.
Makhleb was greatly pleased with you.
You were not hungry.

You visited 2 branches of the dungeon, and saw 11 of its levels.
You visited the Abyss 2 times.
You also visited: Sewer.

You collected 742 gold pieces.

Inventory:

Hand Weapons
 a - a +0 war axe
 N - a +8 vampiric battleaxe (weapon)
 S - a +1 battleaxe of chopping
Armour
 t - a +1 shield
 A - a +0 pair of boots (worn)
 M - a +0 plate armour of cold resistance
 Q - a +0 pair of gloves (worn)
 Y - the +5 plate armour "Byisiz" (worn) {rElec rPois Int+7 Dex-5}
   (You found it on level 8 of the Dungeon)

   It affects your intelligence (+7).
   It affects your dexterity (-5).
   It insulates you from electricity.
   It protects you from poison.
 Z - a +1 hat (worn)
Jewellery
 y - an uncursed ring of wizardry
 B - an uncursed ring of positive energy {unknown}
 J - an uncursed ring of protection from magic
 K - a +4 ring of slaying (left hand)
 L - a ring of magical power (right hand)
 R - an amulet of magic regeneration (around neck)
Wands
 e - a wand of heal wounds (5/9)
 o - a wand of enslavement (12/24)
 H - a wand of iceblast (12/15)
Scrolls
 b - a scroll of identify
 g - 7 scrolls of remove curse
 i - a scroll of enchant armour
 k - 2 scrolls of fear
 l - 3 scrolls of magic mapping
 p - 3 scrolls of fog
 q - 2 scrolls of recharging
 w - a scroll of blinking
 D - 2 scrolls of random uselessness
 U - a scroll of teleportation
Potions
 c - 4 potions of flight
 d - 2 potions of might
 h - a potion of ambrosia {unknown}
 r - 2 potions of cancellation {unknown}
 s - 2 potions of lignification {unknown}
 u - 4 potions of heal wounds {unknown}
 v - 6 potions of degeneration {unknown}
 x - 2 potions of mutation {unknown}
 z - 5 potions of curing {unknown}
 E - a potion of magic {unknown}
 F - 5 potions of haste {unknown}
 G - 2 potions of brilliance {unknown}
 V - a potion of cure mutation {unknown}
Comestibles
 f - 8 bread rations
 j - a slice of pizza
 m - 3 meat rations
 T - a beef jerky


   Skills:
 + Level 9.5 Fighting
 + Level 12.1 Axes
 + Level 11.6 Armour
 - Level 2.8 Dodging
 - Level 1.1 Stealth
 - Level 7.9 Shields
 - Level 1.1 Evocations


You had 10 spell levels left.
You didn't know any spells.

Dungeon Overview and Level Annotations

Branches:
Dungeon (10/15)            Temple (1/1) D:4            Lair (0/6) D:9
    Orc: D:9-12

Altars:
Ashenzari
Cheibriados
Dithmenos
Elyvilon
Fedhas
Gozag
Hepliaklqana
Kikubaaqudgha
Makhleb
Nemelex Xobeh
Okawaru
Qazlal
Ru
Sif Muna
Trog
Uskayaw
Vehumet
Xom
Yredelemnul
Zin
The Shining One

Annotations:
D:10 kae's ghost, journeyman FoFi


Innate Abilities, Weirdness & Mutations

You are resistant to damage.
You can recharge devices by infusing magical energy.
You passively map the area around you.
You do not regenerate.
You are dopey. (Int -2)
You are somewhat resistant to further mutation.
Your spells are a little easier to cast, but a little less powerful.
You expend magic power (3 MP) to strengthen your wands.


Message History

There is a strange disturbance nearby!
Deactivating autopickup; reactivate with Ctrl-A.
You closely miss something. Something hits you!
You feel your power leaking away.
You hit something but do no damage. Something hits you but does no damage.
You miss something. Something completely misses you.
You slice something!! Something hits you!
You feel your power leaking away.
You hit something. Something hits you.
You hit something but do no damage. Something hits you!!
You miss something. Something hits you but does no damage.
Your plate armour "Byisiz" prevents you from hitting something.
Something hits you!!
You feel your power leaking away.
You miss something. Something hits you!!
You slash something! Something hits you!
* * * LOW HITPOINT WARNING * * *
You feel your power leaking away. Something hits you!!
You die...

.. .### #....#
## .#.#.# #.
#...#.#.
#.##.#..#.##.#
#. ...#.#@...#
...#.##{##.#.#
. #..#.####
#.#..##(.. # ..
#.##. ....# #
....#.#..#.. #
# .
##..#.##.#.##..
.#. ....##..#
#. .#. [....#


There were no monsters in sight!

Vanquished Creatures
  Erica (D:8)
  An unseen horror (D:10)
  Pikel (D:5)
  A mana viper (Abyss:2)
  2 ugly things (D:6)
  An apocalypse crab (Abyss:2)
  A centaur zombie (D:10)
  A komodo dragon (D:10)
  3 ancient zymes
  A troll (D:10)
  2 raiju (Abyss:3)
  3 large abominations (Abyss:2)
  Prince Ribbit (D:7)
  A hippogriff (D:7)
  3 flying skulls (Abyss:2)
  Sigmund (D:6)
  15 yaks
  2 basilisks (D:9)
  A hungry ghost (D:8)
  A soldier ant (D:7)
  4 small abominations (Abyss:2)
  3 porcupines (D:9)
  4 sky beasts
  5 orc warriors
  An ice beast (D:6)
  A necrophage (D:5)
  4 ogres
  A phantom (D:9)
  2 crocodiles (D:9)
  A big kobold (D:8)
  2 bullfrogs (D:6)
  5 scorpions
  7 wights
  2 crimson imps
  6 starcursed masses (Abyss:2)
  9 hounds
  3 quasits
  4 orc priests
  3 centaur skeletons
  2 bullfrog skeletons
  A jelly (D:8)
  9 orc wizards
  12 worker ants
  A killer bee zombie (D:8)
  2 hound skeletons
  A worker ant zombie (D:5)
  10 adders
  3 river rats
  2 adder skeletons (D:8)
  2 worms (D:3)
  2 dart slugs
  5 leopard geckos
  38 orcs
  3 giant cockroaches
  6 goblins
  11 hobgoblins
  11 jackals
  2 quokkas (D:6)
  3 ball pythons (Sewer)
  A ball python skeleton (D:6)
  10 bats
  7 frilled lizards (Sewer)
  10 kobolds
  A leopard gecko zombie (D:6)
  A quokka skeleton (D:8)
  11 rats
  A plant (D:9)
278 creatures vanquished.

Vanquished Creatures (others)
  A glowing orange brain (Abyss:2)
  A slave (D:5)
  2 plants (D:9)
4 creatures vanquished.

Grand Total: 282 creatures vanquished

Notes
Turn   | Place    | Note
-------+----------+-------------------------------------------
     0 | D:1      | galech the Deep Dwarf Fighter began the quest for the Orb.
     0 | D:1      | Reached XP level 1. HP: 20/20 MP: 1/1
   208 | D:1      | Reached XP level 2. HP: 25/27 MP: 2/2
   499 | D:1      | Reached skill level 3 in Axes
   529 | D:1      | Reached XP level 3. HP: 32/34 MP: 3/3
  1115 | D:2      | Found a blossoming altar of Fedhas.
  1646 | D:3      | Reached XP level 4. HP: 36/42 MP: 4/4
  1651 | D:3      | Noticed a sky beast
  1696 | D:3      | Killed a sky beast
  1696 | D:3      | Reached skill level 4 in Axes
  1696 | D:3      | Reached skill level 1 in Dodging
  1696 | D:3      | Reached skill level 1 in Stealth
  1696 | D:3      | Reached XP level 5. HP: 49/49 MP: 5/5
  1903 | D:3      | Found a hide-covered altar of Uskayaw.
  2325 | D:4      | Reached XP level 6. HP: 18/56 MP: 5/5
  2550 | D:4      | Found a glowing drain.
  2556 | Sewer    | Entered a sewer
  2642 | Sewer    | Reached skill level 5 in Axes
  3147 | D:4      | Found a staircase to the Ecumenical Temple.
  3169 | Temple   | Entered the Ecumenical Temple
  3485 | D:4      | Reached XP level 7. HP: 23/62 MP: 6/6
  3946 | D:5      | Entered Level 5 of the Dungeon
  4010 | D:5      | Reached skill level 1 in Evocations
  4029 | D:5      | Noticed Pikel
  4061 | D:5      | Killed Pikel
  4061 | D:5      | Reached skill level 7 in Axes
  4061 | D:5      | Reached skill level 5 in Armour
  4061 | D:5      | Reached skill level 5 in Shields
  4061 | D:5      | Reached XP level 8. HP: 39/72 MP: 7/7
  4370 | D:5      | Found a burning altar of Makhleb.
  4382 | D:5      | Became a worshipper of Makhleb the Destroyer
  4755 | D:6      | Found a basalt altar of Yredelemnul.
  4812 | D:6      | Found an opulent altar of Gozag.
  4833 | D:6      | Noticed Sigmund
  4843 | D:6      | Killed Sigmund
  5102 | D:6      | Noticed a white ugly thing
  5102 | D:6      | Noticed a cyan ugly thing
  5115 | D:6      | Killed a white ugly thing
  5115 | D:6      | Reached skill level 5 in Fighting
  5115 | D:6      | Reached skill level 8 in Axes
  5115 | D:6      | Gained mutation: You passively map the area around you. [Deep Dwarf growth]
  5115 | D:6      | Reached XP level 9. HP: 41/81 MP: 6/6
  5124 | D:6      | Killed a cyan ugly thing
  5153 | D:6      | Gained mutation: You are somewhat resistant to further mutation. [mutagenic meat]
  5274 | D:6      | Reached * piety under Makhleb
  5305 | D:6      | Gained mutation: Your spells are a little easier to cast, but a little less powerful. [mutagenic meat]
  5308 | D:6      | Gained mutation: You are dopey. (Int -2) [mutagenic meat]
  5730 | D:7      | Reached skill level 9 in Axes
  5994 | D:7      | Noticed Prince Ribbit
  6007 | D:7      | Killed Prince Ribbit
  6154 | D:7      | Found an ancient bone altar of Kikubaaqudgha.
  6225 | D:7      | Reached XP level 10. HP: 73/92 MP: 5/5
  6678 | D:8      | Got a turquoise-encrusted plate armour
  6689 | D:8      | Identified the +5 plate armour "Byisiz" {rElec rPois Int+7 Dex-5} (You found it on level 8 of the Dungeon)
  6793 | D:8      | Reached ** piety under Makhleb
  7232 | D:8      | Noticed Erica
  7249 | D:8      | Killed Erica
  7333 | D:8      | Reached skill level 10 in Axes
  7571 | D:8      | Found a shimmering altar of Xom.
  7632 | D:9      | Found a basalt altar of Yredelemnul.
  7683 | D:9      | Reached *** piety under Makhleb
  7741 | D:9      | Reached skill level 10 in Armour
  7793 | D:9      | Reached XP level 11. HP: 103/103 MP: 6/6
  7811 | D:9      | Found a staircase to the Lair.
  7825 | D:9      | Reached skill level 11 in Axes
  7988 | D:9      | Gained mutation: You expend magic power (3 MP) to strengthen your wands. [mutagenic meat]
  8149 | D:10     | Entered Level 10 of the Dungeon
  8193 | D:10     | Killed an unseen horror
  8227 | D:10     | Noticed kae's ghost (journeyman FoFi)
  8243 | D:10     | Cast into level 2 of the Abyss (kae's ghost)
  8245 | Abyss:2  | Found a corrupted altar of Lugonu.
  8321 | Abyss:2  | Reached **** piety under Makhleb
  8340 | Abyss:2  | Noticed a starcursed mass
  8348 | Abyss:2  | Paralysed by accursed screaming for 2 turns
  8356 | Abyss:2  | Killed a starcursed mass
  8373 | Abyss:2  | Killed a starcursed mass
  8523 | Abyss:2  | Noticed a large abomination
  8531 | Abyss:2  | Killed a large abomination
  8542 | Abyss:2  | Noticed a glowing orange brain
  8544 | Abyss:2  | Noticed a mana viper
  8552 | Abyss:2  | Killed a mana viper
  8555 | Abyss:2  | Noticed a wretched star
  8556 | Abyss:2  | Killed a glowing orange brain
  8556 | Abyss:2  | Reached skill level 12 in Axes
  8557 | D:10     | Escaped the Abyss
  8604 | D:10     | Cast into level 3 of the Abyss (kae's ghost)
  8627 | Abyss:3  | Found a corrupted altar of Lugonu.
  8641 | Abyss:3  | Found a corrupted altar of Lugonu.
  8658 | Abyss:3  | Slain by a lorocyproca

Skill      XL: |  1  2  3  4  5  6  7  8  9 10 11 |
---------------+----------------------------------+-----
Axes           | 3 4 5 7 8 9 10 12 | 12.1
Fighting       | 3 5 6 8 9 |  9.5
Armour         | 4 5 6 8 10 11 | 11.6
Dodging        | 1 2 |  2.8
Stealth        | 1 |  1.1
Shields        | 4 5 6 7 |  7.9
Evocations     | 1 |  1.1

Action                   |  1- 3 |  4- 6 |  7- 9 | 10-12 || total
-------------------------+-------+-------+-------+-------++-------
Melee: War axe           |    91 |   253 |   253 |       ||   597
       Battleaxe         |       |       |    31 |   336 ||   367
 Abil: Device Recharging |       |     1 |     4 |       ||     5
Evoke: Wand              |       |     5 |    17 |     5 ||    27
  Use: Scroll            |     1 |     6 |       |    15 ||    22
       Potion            |       |       |     1 |       ||     1
 Stab: Distracted        |       |       |       |     1 ||     1
  Eat: Chunk             |     2 |     7 |    19 |     5 ||    33
       Royal jelly       |       |       |       |     2 ||     2
       Pizza             |       |       |       |     1 ||     1
       Beef jerky        |       |       |       |     1 ||     1
Armor: Scale mail        |    50 |   129 |    63 |       ||   242
       Plate armour      |       |       |    61 |   343 ||   404
Dodge: Dodged            |    32 |   100 |    74 |   136 ||   342
Block: Shield            |    46 |   176 |   129 |       ||   351
